 Dungeon Crawl Stone Soup version 0.29.0-13-gc9e81de378 (webtiles) character file.

Game seed: 9726104769273170334

204 QueenGhuleh the Chopper (level 5, -5/72 HPs)
             Began as a Minotaur Berserker on Sept 8, 2022.
             Was a Believer of Trog.
             Slain by Edmund
             ... wielding a +2 flail of holy wrath
              (10 damage)
             ... on level 4 of the Dungeon.
             The game lasted 00:06:46 (2681 turns).

QueenGhuleh the Chopper (Minotaur Berserker)        Turns: 2681, Time: 00:06:46

Health: -5/72      AC:  9    Str: 23    XL:     5   Next: 52%
Magic:  4/4        EV:  9    Int:  4    God:    Trog [**....]
Gold:   124        SH:  0    Dex: 10    Spells: 4/4 levels left

rFire   . . .      SeeInvis .   a - +0 hand axe
rCold   . . .      Faith    .   (no shield)
rNeg    . . .      Spirit   .   d - +0 chain mail
rPois   .          Reflect  .   (helmet restricted)
rElec   .          Harm     .   (no cloak)
rCorr   .          Rampage  .   (no gloves)
Will    .....                   (no boots)
Stlth   ..........              (no amulet)
HPRegen 0.22/turn               (no ring)
MPRegen 0.09/turn               (no ring)

@: berserking, very quick
A: horns 2, retaliatory headbutt
a: Renounce Religion, Berserk, Trog's Hand


You were on level 4 of the Dungeon.
You worshipped Trog.
Trog was pleased with you.
You visited 1 branch of the dungeon, and saw 4 of its levels.

You collected 124 gold pieces.

Inventory:

Hand Weapons
 a - a +0 hand axe (weapon)
Armour
 d - a +0 chain mail (worn)
Jewellery
 c - a ring of positive energy
Scrolls
 b - a scroll of enchant armour {unknown}
 f - 4 scrolls of identify {unknown}
 g - 2 scrolls of amnesia {unknown}
 i - 2 scrolls of poison {unknown}
Potions
 e - 2 potions of brilliance {unknown}
 h - a potion of heal wounds {unknown}
 j - a potion of curing {unknown}
 k - 2 potions of flight {unknown}


   Skills:
 + Level 5.1 Fighting
 + Level 5.4 Axes
 + Level 3.6 Armour
 + Level 3.1 Dodging
 + Level 0.1 Stealth


You had 4 spell levels left.
You didn't know any spells.
Your spell library was empty.

Dungeon Overview and Level Annotations

Branches:
Dungeon (4/15)
 Temple: D:4-7

Altars:
Zin

Annotations:
D:4 Edmund


Innate Abilities, Weirdness & Mutations

You have a pair of horns on your head.
You reflexively headbutt those who attack you in melee.


Message History

You hit the dart slug but do no damage.
The dart slug is heavily wounded.
You hit Edmund.
Edmund hits you with a +2 flail of holy wrath.
The dart slug bites you but does no damage.
You hit the dart slug.
The dart slug is heavily wounded.
You hit Edmund.
Edmund hits you with a +2 flail of holy wrath!
The dart slug closely misses you.
You slash the dart slug!
You kill the dart slug!
Trog accepts your kill.
You hit Edmund.
Edmund hits you with a +2 flail of holy wrath!
Unknown command.
You are too injured to fight recklessly!
You are too injured to fight recklessly!
A red film seems to cover your vision as you go berserk!
You feel yourself moving faster!
You feel mighty!
Edmund hits you with a +2 flail of holy wrath.
You closely miss Edmund.
Edmund is lightly wounded.
Edmund hits you but does no damage.
You barely miss Edmund. You headbutt Edmund!
Edmund is moderately wounded.
You slash Edmund!
Edmund is heavily wounded.
Edmund hits you with a +2 flail of holy wrath!
* * * LOW HITPOINT WARNING * * *
You hit Edmund.
Edmund is severely wounded.
Edmund hits you with a +2 flail of holy wrath!
* * * LOW HITPOINT WARNING * * *
You slash Edmund!
Edmund is almost dead.
You hit Edmund but do no damage.
Edmund is almost dead.
Edmund hits you with a +2 flail of holy wrath!
You die...

...............
................
................
................
.................
.................
......†@..........
.......@................
........................
........................
........................
........................
........................
................).......
........................
.......................


You could see Edmund.

Vanquished Creatures
  A howler monkey (D:4)
  A jelly (D:4)
  An orc priest (D:3)
  3 adders
  3 dart slugs
  6 orcs (D:3)
  A bat (D:3)
  4 endoplasms
  5 giant cockroaches
  6 goblins
  5 hobgoblins
  6 jackals
  7 ball pythons
  6 frilled lizards
  9 kobolds
  6 rats
70 creatures vanquished.

Notes
Turn   | Place    | Note
-------+----------+-------------------------------------------
     0 | D:1      | QueenGhuleh the Minotaur Berserker began the quest for the
                  | Orb.
     0 | D:1      | Reached XP level 1. HP: 19/19 MP: 0/0
   277 | D:1      | Reached XP level 2. HP: 27/27 MP: 1/1
   893 | D:2      | Reached XP level 3. HP: 30/34 MP: 2/2
   943 | D:2      | Reached ** piety under Trog
  1557 | D:3      | Reached XP level 4. HP: 35/41 MP: 3/3
  1998 | D:3      | Found a faded altar of an unknown god.
  2189 | D:3      | Found a glowing silver altar of Zin.
  2269 | D:3      | Reached skill level 5 in Axes
  2526 | D:4      | Reached skill level 5 in Fighting
  2526 | D:4      | Reached XP level 5. HP: 46/48 MP: 4/4
  2667 | D:4      | Noticed Edmund
  2681 | D:4      | Slain by Edmund

Illustrated notes

Levels and vault maps discovered:
D:1:      evilmike_arrival_rings, layout_basic
D:2:      layout_rooms, nicolae_concentric_dashed_squares_mild
D:3:      cheibrodos_helix_gallery, layout_loops_cross, zin_scriptorium,
          nicolae_ecumenical_snake_handling
D:4:      kennysheep_goblin_castle, layout_basic,
          grunt_temple_overflow_lords_of_destruction, uniq_edmund

Skill      XL: |  1  2  3  4 |
---------------+-------------+-----
Fighting       | 4 5 |  5.1
Axes           | 4 5 |  5.4
Armour         | 3 |  3.6
Dodging        | 3 |  3.1
Stealth        | |  0.1

Action                   |  1- 3 |  4- 6 || total
-------------------------+-------+-------++-------
Melee: Hand axe          |    96 |    69 ||   165
       Headbutt          |    14 |    10 ||    24
Invok: Berserk           |       |     2 ||     2
Armor: Chain mail        |    50 |    33 ||    83
Dodge: Dodged            |    45 |    25 ||    70
